 Dungeon Crawl Stone Soup version 0.28.0-47-ge53b351184 (webtiles) character file.

Game seed: 1161321169068895399

84 Keeper01 the Grasshopper (level 4, -1/36 HPs)
             Began as a Ghoul Warper on May 9, 2022.
             Slain by a gnoll
             ... wielding a +0 spear
              (3 damage)
             ... on level 2 of the Dungeon.
             The game lasted 00:11:49 (1301 turns).

Keeper01 the Grasshopper (Ghoul Warper)             Turns: 1301, Time: 00:11:50

Health: -1/36      AC:  9    Str: 14      XL:     4   Next: 45%
Magic:  5/5        EV:  6    Int:  7 (8)  God:
Gold:   33         SH:  0    Dex: 10      Spells: 6/6 levels left

rFire   . . .      SeeInvis .   f - +2 falchion (vamp)
rCold   + . .      Faith    .   (no shield)
rNeg    + + +      Spirit   .   i - +0 chain mail
rPois   ∞          Reflect  .   (no helmet)
rElec   .          Harm     .   d - +0 cloak
rCorr   .          Rampage  .   (no gloves)
Will    .....                   (no boots)
Stlth   ..........              (no amulet)
HPRegen 0.00/turn               (no ring)
MPRegen 0.09/turn               (no ring)

@: inhibited regen
A: claws 1, cold resistance 1, negative energy resistance 3, inhibited
regeneration, torment resistance 2
a: no special abilities


You were on level 2 of the Dungeon.
You visited 1 branch of the dungeon, and saw 2 of its levels.

You collected 33 gold pieces.

Inventory:

Hand Weapons
 f - a +2 vampiric falchion (weapon)
Missiles
 c - 4 boomerangs of dispersal (quivered)
Armour
 a - a +0 leather armour
 d - a +0 cloak (worn)
 i - a +0 chain mail (worn)
Potions
 e - a potion of might {unknown}
 g - a potion of lignification {unknown}


   Skills:
 + Level 2.2 Fighting
 + Level 0.9 Long Blades
 + Level 0.8 Throwing
 + Level 2.4 Armour
 + Level 2.1 Dodging
 + Level 0.2 Stealth
 + Level 2.7 Unarmed Combat
 + Level 1.9 Spellcasting
 + Level 3.0 Translocations


You had 6 spell levels left.
You didn't know any spells.
Your spell library contained the following spells:

 Spells                   Type           Power      Damage    Failure   Level
 Blink                    Tloc           8%         N/A       99%         2
 Corpse Rot               Necr/Air       0%         N/A       100%        2
 Gell's Gravitas          Tloc           4%         N/A       100%        3
 Lesser Beckoning         Tloc           4%         N/A       100%        3
 Ozocubu's Armour         Ice            0%         N/A       100%        3
 Teleport Other           Tloc           4%         N/A       100%        3
 Dispel Undead            Necr           0%         3d6       100%        4
 Manifold Assault         Tloc           4%         N/A       100%        5
 Death Channel            Necr           0%         N/A       100%        6
 Ozocubu's Refrigeration  Ice            0%         4d5       100%        7


Dungeon Overview and Level Annotations

Branches:
Dungeon (2/15)

Altars:


Innate Abilities, Weirdness & Mutations

You thrive by killing the living.
You are immune to poison.
You have sharp fingernails.
Your flesh is cold resistant. (rC+)
You are immune to negative energy. (rN+++)
You do not regenerate when monsters are visible.
You are immune to unholy pain and torment.


Message History

The gnoll hits you but does no damage. The gnoll closely misses you.
The gnoll hits you with a +0 whip.
* * * LOW HITPOINT WARNING * * *
You hit the gnoll.
You feel better.
You kill the gnoll!
The gnoll barely misses you.
Blink to where?
Press: ? - help, Dir - move target
As you read the scroll of blinking, it crumbles to dust.
It was a potion of haste.
You feel yourself speed up.
Found a mace.
Your extra speed is starting to run out.
You feel yourself slow down.
You start resting.
A gnoll is nearby!
The gnoll hits you but does no damage. The gnoll hits you but does no damage.
You slash the gnoll!
The gnoll is severely wounded.
The gnoll barely misses you. The gnoll hits you but does no damage.
The gnoll hits you with a +0 whip.
* * * LOW HITPOINT WARNING * * *
You hit the gnoll.
You feel better.
You kill the gnoll!
The gnoll completely misses you. The gnoll hits you but does no damage.
You feel your dexterity returning.
You hit the gnoll.
The gnoll is moderately wounded.
The gnoll hits you but does no damage. The gnoll barely misses you.
You closely miss the gnoll.
The gnoll is moderately wounded.
The gnoll hits you from afar with a +0 spear.
* * * LOW HITPOINT WARNING * * *
The gnoll hits you but does no damage.
You hit the gnoll. You claw the gnoll, but do no damage.
The gnoll is heavily wounded.
The gnoll barely misses you. The gnoll hits you with a +0 whip.
* * * LOW HITPOINT WARNING * * *
The gnoll hits you from afar with a +0 spear.
You die...

#)##..# P... #... ......#
################ #...
....>.#####......##......##
#...
..............#.#......#..#
#...
........#.....#...........#
#...
..............#..##########
#...
.(......##....#..#P.P...P#
#...
.......###...##..##..P..##
#..< ......##
###..#g@#...PP..# #...
.###### ##...)##########
#.(. .# ####g.........#
#### ## #...........#
#..........##
####..........# ♣
♣♣♣#####.............#
♣.♣).......##..........#
♣.......#.####......###
######


You could see 2 gnolls.

Vanquished Creatures
  Jessica (D:2)
  2 gnolls (D:2)
  An adder (D:2)
  2 dart slugs (D:1)
  A ball python (D:1)
  2 endoplasms (D:1)
  2 giant cockroaches (D:1)
  5 goblins
  A hobgoblin (D:1)
  8 kobolds
  A bat (D:2)
  A rat (D:1)
27 creatures vanquished.

Notes
Turn   | Place    | Note
-------+----------+-------------------------------------------
     0 | D:1      | Keeper01 the Ghoul Warper began the quest for the Orb.
     0 | D:1      | Reached XP level 1. HP: 17/17 MP: 2/2
    80 | D:1      | Reached skill level 1 in Armour
    80 | D:1      | Reached XP level 2. HP: 16/24 MP: 3/3
   266 | D:1      | Found a faded altar of an unknown god.
   500 | D:1      | Reached skill level 3 in Translocations
   814 | D:1      | Reached XP level 3. HP: 28/29 MP: 4/4
   866 | D:2      | Noticed Jessica
   873 | D:2      | Killed Jessica
   924 | D:2      | Reached XP level 4. HP: 34/36 MP: 5/5
  1301 | D:2      | Slain by a gnoll

Illustrated notes

Levels and vault maps discovered:
D:1:      saegor_arrival_simple_b, layout_rooms, ebering_ecumenical_altar_rust,
          minmay_misc_feat_rugged, minmay_misc_feat_five
D:2:      minmay_chambers_of_ones, layout_rooms, serial_aquarium,
          aquarium_bridge_island_small [aquarium_subvault_small_open,
          aquarium_subvault_wall, aquarium_subvault_bridge,
          aquarium_subvault_window, aquarium_subvault_bridge],
          aquarium_window_corridor_1, aquarium_window_1, aquarium_window_double,
          aquarium_window_2, aquarium_view_2f, aquarium_view_2c,
          aquarium_balcony_3b, uniq_jessica, uniq_crazy_yiuf_cottage

Skill      XL: |  1  2  3 |
---------------+----------+-----
Armour         | 1 2 |  2.4
Dodging        | 2 |  2.1
Translocations | 3 |  3.0
Fighting       | |  2.2
Long Blades    | |  0.9
Throwing       | |  0.8
Stealth        | |  0.2
Unarmed Combat | |  2.7
Spellcasting   | |  1.9

Action                   |  1- 3 |  4- 6 || total
-------------------------+-------+-------++-------
Melee: Unarmed           |    23 |       ||    23
       Falchion          |    36 |    25 ||    61
       Punch             |     2 |     1 ||     3
Throw: Boomerang         |     1 |       ||     1
  Use: Potion            |       |     2 ||     2
       Scroll            |       |     1 ||     1
Armor: Leather armour    |    14 |     3 ||    17
       Chain mail        |       |    24 ||    24
Dodge: Dodged            |    28 |    21 ||    49
